| TOP OF THE 1ST |
|
Toronto (WIN) Blue Jays batting - Pitching for Minnesota (WIN) Twins : RHP Matt Springer
|
|
Pitching: RHP Matt Springer
|
|
|
Batting: RHB Finn Ross
|
0-0: Ball 1-0: Foul Ball, location: 2F 1-1: Swinging Strike 1-2: Foul Ball, location: 2F 1-2: Ball 2-2: SINGLE (Line Drive, 8RS, EV 93.8 MPH)
|
|
Batting: RHB Darren McCarty Jr.
|
0-0: Called Strike 0-1: Called Strike 0-2: SINGLE (Groundball, 34D, EV 99.4 MPH) Finn Ross to second Runner from 2nd tries for 3rd, SAFE, throw by RF made to third Darren McCarty Jr. to second
|
|
Batting: RHB Brock Van Gilder
|
0-0: Ball 1-0: Ball 2-0: Ball 3-0: Called Strike 3-1: Foul Ball, location: 2F 3-2: Base on Balls
|
|
Batting: SHB Jack Andrews
|
0-0: Foul Ball, location: 2F 0-1: Fly out, F8 (Flyball, 8RD, EV 99.4 MPH) Runner from 3rd tags up, SCORES, throw by CF
|
|
Batting: RHB Scott Travis
|
0-0: Called Strike 0-1: Ball 1-1: Ball 2-1: Called Strike 2-2: Foul Ball, location: 2F 2-2: Strikes out swinging
|
|
Batting: RHB Butch Koglin
|
0-0: Ball 1-0: Called Strike 1-1: Ball 2-1: Ball 3-1: Foul Ball, location: 2F 3-2: Foul Ball, location: 2F 3-2: Base on Balls Darren McCarty Jr. to third Brock Van Gilder to second
|
|
Batting: RHB Chris Martin
|
0-0: Called Strike 0-1: Called Strike 0-2: Ball 1-2: Strikes out looking
|
| Top of the 1st over - 1 run, 2 hits, 0 errors, 3 left on base; Toronto (WIN) 1 - Minnesota (WIN) 0 |
| BOTTOM OF THE 1ST |
|
Minnesota (WIN) Twins batting - Pitching for Toronto (WIN) Blue Jays : LHP Katsumi Takaki
|
|
Pitching: LHP Katsumi Takaki
|
|
|
Batting: RHB J.J. Powers
|
0-0: Foul Ball, location: 2F 0-1: Foul Ball, location: 2F 0-2: Foul Ball, location: 2F 0-2: Ball 1-2: Strikes out swinging
|
|
Batting: RHB Miguel Diaz
|
0-0: TRIPLE (Flyball, 78XD, EV 108.1 MPH)
|
|
Batting: RHB Jesse Scott
|
0-0: Ground out 6-3 (Groundball, 6, EV 83.8 MPH) Miguel Diaz scores
|
|
Batting: RHB Cyril Husson
|
0-0: Ball 1-0: DOUBLE (Groundball, 5L, EV 105.6 MPH)
|
|
Batting: RHB Manuel Juarez
|
0-0: Ball 1-0: Foul Ball, location: 2F 1-1: Foul Ball, location: 2F 1-2: Strikes out swinging
|
| Bottom of the 1st over - 1 run, 2 hits, 0 errors, 1 left on base; Toronto (WIN) 1 - Minnesota (WIN) 1 |
| TOP OF THE 2ND |
|
Toronto (WIN) Blue Jays batting - Pitching for Minnesota (WIN) Twins : RHP Matt Springer
|
|
Batting: RHB Frank Caulfield
|
0-0: Called Strike 0-1: Foul Ball, location: 2F 0-2: Strikes out swinging
|
|
Batting: RHB Justin Powell
|
0-0: Foul Ball, location: 2F 0-1: Ground out 6-3 (Groundball, 6, EV 100.0 MPH)
|
|
Batting: RHB Finn Ross
|
0-0: Foul Ball, location: 2F 0-1: Foul Ball, location: 2F 0-2: Ball 1-2: Ball 2-2: SINGLE (Groundball, 56D, EV 83.8 MPH) (infield hit)
|
|
Batting: RHB Darren McCarty Jr.
|
0-0: Fielders Choice at 2nd, 5-4 (Groundball, 56, EV 103.8 MPH)
|
| Top of the 2nd over - 0 runs, 1 hit, 0 errors, 1 left on base; Toronto (WIN) 1 - Minnesota (WIN) 1 |
| BOTTOM OF THE 2ND |
|
Minnesota (WIN) Twins batting - Pitching for Toronto (WIN) Blue Jays : LHP Katsumi Takaki
|
|
Batting: LHB Chaim Huting
|
0-0: Ball 1-0: Ball 2-0: Ball 3-0: Called Strike 3-1: Called Strike 3-2: Foul Ball, location: 2F 3-2: Strikes out swinging
|
|
Batting: LHB Ricardo Batista
|
0-0: Called Strike 0-1: Ball 1-1: Foul Ball, location: 2F 1-2: Fly out, F7 (Flyball, 78M, EV 94.4 MPH)
|
|
Batting: LHB Israel Montoya
|
0-0: Ball 1-0: Called Strike 1-1: Called Strike 1-2: Ball 2-2: Foul Ball, location: 2F 2-2: Ball 3-2: Ground out U3 (Groundball, 3, EV 86.9 MPH)
|
| Bottom of the 2nd over - 0 runs, 0 hits, 0 errors, 0 left on base; Toronto (WIN) 1 - Minnesota (WIN) 1 |
| TOP OF THE 3RD |
|
Toronto (WIN) Blue Jays batting - Pitching for Minnesota (WIN) Twins : RHP Matt Springer
|
|
Batting: RHB Brock Van Gilder
|
0-0: Ball 1-0: Called Strike 1-1: Ball 2-1: Fly out, F4 (Line Drive, 4, EV 66.9 MPH)
|
|
Batting: SHB Jack Andrews
|
0-0: Ball 1-0: Ball 2-0: Ball 3-0: Called Strike 3-1: Fly out, F9 (Line Drive, 9, EV 89.4 MPH)
|
|
Batting: RHB Scott Travis
|
0-0: Ball 1-0: Ball 2-0: Called Strike 2-1: Ball 3-1: Base on Balls
|
|
Batting: RHB Butch Koglin
|
0-0: Swinging Strike 0-1: Fly out, F7 (Flyball, 7S, EV 76.2 MPH)
|
| Top of the 3rd over - 0 runs, 0 hits, 0 errors, 1 left on base; Toronto (WIN) 1 - Minnesota (WIN) 1 |
| BOTTOM OF THE 3RD |
|
Minnesota (WIN) Twins batting - Pitching for Toronto (WIN) Blue Jays : LHP Katsumi Takaki
|
|
Batting: SHB Dan Morataya
|
0-0: Called Strike 0-1: Swinging Strike 0-2: Ball 1-2: Foul Ball, location: 2F 1-2: Strikes out swinging, 2-3 out at first.
|
|
Batting: RHB J.J. Powers
|
0-0: Ball 1-0: Ball 2-0: Ball 3-0: Called Strike 3-1: Base on Balls
|
|
Batting: RHB Miguel Diaz
|
0-0: Ball 1-0: Called Strike 1-1: Foul Ball, location: 2F 1-2: Ball 2-2: Grounds into double play, 4-6-3 (Groundball, 4D, EV 84.4 MPH)
|
| Bottom of the 3rd over - 0 runs, 0 hits, 0 errors, 0 left on base; Toronto (WIN) 1 - Minnesota (WIN) 1 |
| TOP OF THE 4TH |
|
Toronto (WIN) Blue Jays batting - Pitching for Minnesota (WIN) Twins : RHP Matt Springer
|
|
Batting: RHB Chris Martin
|
0-0: Ball 1-0: Ball 2-0: Foul Ball, location: 2F 2-1: Swinging Strike 2-2: Ball 3-2: Ground out 6-3 (Groundball, 6, EV 106.2 MPH)
|
|
Batting: RHB Frank Caulfield
|
0-0: Called Strike 0-1: Ball 1-1: Called Strike 1-2: Foul Ball, location: 2F 1-2: Fly out, F8 (Line Drive, 89M, EV 88.8 MPH)
|
|
Batting: RHB Justin Powell
|
0-0: Ball 1-0: Ball 2-0: Fly out, F8 (Flyball, 8RM, EV 98.1 MPH)
|
| Top of the 4th over - 0 runs, 0 hits, 0 errors, 0 left on base; Toronto (WIN) 1 - Minnesota (WIN) 1 |
| BOTTOM OF THE 4TH |
|
Minnesota (WIN) Twins batting - Pitching for Toronto (WIN) Blue Jays : LHP Katsumi Takaki
|
|
Batting: RHB Jesse Scott
|
0-0: Foul Ball, location: 2F 0-1: Ball 1-1: Ball 2-1: Ball 3-1: Base on Balls
|
|
Batting: RHB Cyril Husson
|
0-0: Called Strike Jesse Scott steals 2nd base 0-1: Called Strike 0-2: Ball 1-2: Foul Ball, location: 2F 1-2: Ball 2-2: Foul Ball, location: 2F 2-2: Ball 3-2: Foul Ball, location: 2F 3-2: Fly out, F8 (Flyball, 8RD, EV 95.6 MPH)
|
|
Batting: RHB Manuel Juarez
|
0-0: Ball 1-0: Called Strike 1-1: Ground out 6-3 (Groundball, 6M, EV 110.0 MPH) Jesse Scott to third
|
|
Batting: LHB Chaim Huting
|
0-0: Called Strike 0-1: Called Strike 0-2: Ball 1-2: Ball 2-2: Strikes out swinging
|
| Bottom of the 4th over - 0 runs, 0 hits, 0 errors, 1 left on base; Toronto (WIN) 1 - Minnesota (WIN) 1 |
| TOP OF THE 5TH |
|
Toronto (WIN) Blue Jays batting - Pitching for Minnesota (WIN) Twins : RHP Matt Springer
|
|
Batting: RHB Finn Ross
|
0-0: Ball 1-0: Swinging Strike 1-1: Ground out 6-3 (Groundball, 6M, EV 84.4 MPH)
|
|
Batting: RHB Darren McCarty Jr.
|
0-0: Called Strike 0-1: Ball 1-1: Called Strike 1-2: Ball 2-2: Strikes out swinging
|
|
Batting: RHB Brock Van Gilder
|
0-0: Called Strike 0-1: Foul Ball, location: 2F 0-2: Ball 1-2: Ball 2-2: SINGLE (Line Drive, 34D, EV 103.8 MPH)
|
|
Batting: SHB Jack Andrews
|
0-0: Called Strike 0-1: Ground out 4-3 (Groundball, 4, EV 102.5 MPH)
|
| Top of the 5th over - 0 runs, 1 hit, 0 errors, 1 left on base; Toronto (WIN) 1 - Minnesota (WIN) 1 |
| BOTTOM OF THE 5TH |
|
Minnesota (WIN) Twins batting - Pitching for Toronto (WIN) Blue Jays : LHP Katsumi Takaki
|
|
Batting: LHB Ricardo Batista
|
0-0: Ball 1-0: Swinging Strike 1-1: Ball 2-1: Ground out 3-1 (Groundball, 34S, EV 82.5 MPH)
|
|
Batting: LHB Israel Montoya
|
0-0: Ball 1-0: Swinging Strike 1-1: Called Strike 1-2: Foul Ball, location: 2F 1-2: Ball 2-2: Strikes out swinging, 2-3 out at first.
|
|
Batting: SHB Dan Morataya
|
0-0: Ball 1-0: Ball 2-0: SOLO HOME RUN (Flyball, 89XD, EV 100.6 MPH), Distance : 413 ft
|
|
Batting: RHB J.J. Powers
|
0-0: Ball 1-0: Foul Ball, location: 2F 1-1: Ball 2-1: Ball 3-1: Base on Balls
|
|
Batting: RHB Miguel Diaz
|
0-0: Ball 1-0: Foul Ball, location: 2F 1-1: Ball 2-1: Foul Ball, location: 2F 2-2: Ball 3-2: 2-RUN HOME RUN (Flyball, 7LD, EV 97.5 MPH), Distance : 371 ft
|
|
Pitching: LHP Dylan Batstone
|
|
|
Batting: RHB Jesse Scott
|
0-0: Swinging Strike 0-1: Foul Ball, location: 2F 0-2: Foul Ball, location: 2F 0-2: Ball 1-2: Strikes out looking
|
| Bottom of the 5th over - 3 runs, 2 hits, 0 errors, 0 left on base; Toronto (WIN) 1 - Minnesota (WIN) 4 |
| TOP OF THE 6TH |
|
Toronto (WIN) Blue Jays batting - Pitching for Minnesota (WIN) Twins : RHP Matt Springer
|
|
Batting: RHB Scott Travis
|
0-0: Ball 1-0: Foul Ball, location: 2F 1-1: Ground out 4-3 (Groundball, 4, EV 86.9 MPH)
|
|
Batting: RHB Butch Koglin
|
0-0: Ball 1-0: SINGLE (Line Drive, 9S, EV 108.1 MPH)
|
|
Pitching: LHP Kazuo Nishihara
|
|
|
Batting: RHB Chris Martin
|
0-0: Ball 1-0: Foul Ball, location: 2F 1-1: Foul Ball, location: 2F 1-2: Ball 2-2: Foul Ball, location: 2F 2-2: Strikes out swinging
|
|
Batting: RHB Frank Caulfield
|
0-0: Ball 1-0: Foul Ball, location: 2F 1-1: Foul Ball, location: 2F 1-2: Foul Ball, location: 2F 1-2: Strikes out swinging
|
| Top of the 6th over - 0 runs, 1 hit, 0 errors, 1 left on base; Toronto (WIN) 1 - Minnesota (WIN) 4 |
| BOTTOM OF THE 6TH |
|
Minnesota (WIN) Twins batting - Pitching for Toronto (WIN) Blue Jays : LHP Dylan Batstone
|
|
Batting: RHB Cyril Husson
|
0-0: Foul Ball, location: 2F 0-1: Ball 1-1: Foul Ball, location: 2F 1-2: Foul Ball, location: 2F 1-2: Ball 2-2: Foul Ball, location: 2F 2-2: Foul Ball, location: 2F 2-2: Strikes out swinging
|
|
Batting: RHB Manuel Juarez
|
0-0: Foul Ball, location: 2F 0-1: Called Strike 0-2: Ball 1-2: Foul Ball, location: 2F 1-2: Foul Ball, location: 2F 1-2: Ball 2-2: Ball 3-2: Base on Balls
|
|
Pitching: LHP Vinny Zavala
|
|
|
Batting: LHB Chaim Huting
|
0-0: Foul Ball, location: 2F 0-1: Ball 1-1: Ball 2-1: Foul Ball, location: 2F 2-2: Grounds into double play, 6-4-3 (Groundball, 6, EV 90.0 MPH)
|
| Bottom of the 6th over - 0 runs, 0 hits, 0 errors, 0 left on base; Toronto (WIN) 1 - Minnesota (WIN) 4 |
| TOP OF THE 7TH |
|
Toronto (WIN) Blue Jays batting - Pitching for Minnesota (WIN) Twins : LHP Kazuo Nishihara
|
|
Batting: RHB Justin Powell
|
0-0: Ball 1-0: Ball 2-0: TRIPLE (Flyball, 9D, EV 95.6 MPH)
|
|
Batting: RHB Finn Ross
|
0-0: Called Strike 0-1: Ball 1-1: Swinging Strike 1-2: Strikes out looking
|
|
Batting: RHB Darren McCarty Jr.
|
0-0: Ball 1-0: Foul Ball, location: 2F 1-1: Ball 2-1: Swinging Strike 2-2: Foul Ball, location: 2F 2-2: Fly out, F8 (Flyball, 8LD, EV 105.6 MPH) Runner from 3rd tags up, SCORES, no throw by CF
|
|
Batting: RHB Brock Van Gilder
|
0-0: Swinging Strike 0-1: Called Strike 0-2: Ball 1-2: Strikes out swinging
|
| Top of the 7th over - 1 run, 1 hit, 0 errors, 0 left on base; Toronto (WIN) 2 - Minnesota (WIN) 4 |
| BOTTOM OF THE 7TH |
|
Minnesota (WIN) Twins batting - Pitching for Toronto (WIN) Blue Jays : LHP Vinny Zavala
|
|
Batting: LHB Ricardo Batista
|
0-0: Called Strike 0-1: Ball 1-1: Ball 2-1: Foul Ball, location: 2F 2-2: Ball 3-2: Strikes out swinging
|
|
Batting: LHB Israel Montoya
|
0-0: Ball 1-0: Foul Ball, location: 2F 1-1: Called Strike 1-2: Strikes out swinging
|
|
Batting: SHB Dan Morataya
|
0-0: Swinging Strike 0-1: Ball 1-1: Ball 2-1: Swinging Strike 2-2: Ball 3-2: Foul Ball, location: 2F 3-2: Strikes out looking
|
| Bottom of the 7th over - 0 runs, 0 hits, 0 errors, 0 left on base; Toronto (WIN) 2 - Minnesota (WIN) 4 |
| TOP OF THE 8TH |
|
Toronto (WIN) Blue Jays batting - Pitching for Minnesota (WIN) Twins : LHP Kazuo Nishihara
|
|
Batting: SHB Jack Andrews
|
0-0: Called Strike 0-1: Foul Ball, location: 2F 0-2: Ball 1-2: Ground out 4-3 (Groundball, 4, EV 83.1 MPH)
|
|
Batting: RHB Scott Travis
|
0-0: Foul Ball, location: 2F 0-1: Ball 1-1: Ball 2-1: Ball 3-1: Fly out, F8 (Flyball, 89M, EV 95.0 MPH)
|
|
Batting: RHB Butch Koglin
|
0-0: DOUBLE (Line Drive, 8RD, EV 103.1 MPH)
|
|
Batting: RHB Chris Martin
|
0-0: Ball 1-0: Ball 2-0: Fly out, F7 (Line Drive, 7LM, EV 95.6 MPH)
|
| Top of the 8th over - 0 runs, 1 hit, 0 errors, 1 left on base; Toronto (WIN) 2 - Minnesota (WIN) 4 |
| BOTTOM OF THE 8TH |
|
Minnesota (WIN) Twins batting - Pitching for Toronto (WIN) Blue Jays : LHP Vinny Zavala
|
|
Batting: RHB J.J. Powers
|
0-0: Swinging Strike 0-1: Swinging Strike 0-2: Foul Ball, location: 2F 0-2: Ball 1-2: Foul Ball, location: 2F 1-2: Ground out 5-3 (Groundball, 56, EV 86.2 MPH)
|
|
Batting: RHB Miguel Diaz
|
0-0: Ball 1-0: Ball 2-0: Ball 3-0: Base on Balls
|
|
Batting: RHB Jesse Scott
|
0-0: Ball 1-0: Foul Ball, location: 2F 1-1: Ball 2-1: SINGLE (Groundball, 6MD, EV 104.4 MPH) Miguel Diaz to second Runner from 2nd tries for 3rd, OUT! 8-5 Jesse Scott to second
|
|
Batting: RHB Cyril Husson
|
0-0: Fly out, F9 (Flyball, 89S, EV 90.6 MPH)
|
| Bottom of the 8th over - 0 runs, 1 hit, 0 errors, 1 left on base; Toronto (WIN) 2 - Minnesota (WIN) 4 |
| TOP OF THE 9TH |
|
Toronto (WIN) Blue Jays batting - Pitching for Minnesota (WIN) Twins : LHP Kazuo Nishihara
|
|
Pitching: LHP Adam Wood
|
|
|
Now at 1B: Ian Thompson
|
|
|
Now at 3B: Ryan Gautney
|
|
|
Batting: RHB Frank Caulfield
|
0-0: Called Strike 0-1: Called Strike 0-2: SINGLE (Groundball, 23, EV 66.9 MPH) (infield hit)
|
|
Batting: RHB Justin Powell
|
0-0: Ball 1-0: SINGLE (Line Drive, 8RS, EV 106.2 MPH) Frank Caulfield to second
|
|
Batting: RHB Finn Ross
|
0-0: Ball 1-0: Ball 2-0: Ball 3-0: Base on Balls Frank Caulfield to third Justin Powell to second
|
|
Batting: RHB Darren McCarty Jr.
|
0-0: Ball 1-0: Foul Ball, location: 2F 1-1: Ball 2-1: Fielders Choice at 2nd, 6-4 (Groundball, 6M, EV 87.5 MPH) Frank Caulfield scores Justin Powell to third
|
|
Batting: RHB Brock Van Gilder
|
0-0: Ball Wild Pitch! Justin Powell scores Darren McCarty Jr. to second 1-0: Intentional Walk
|
|
Batting: SHB Jack Andrews
|
0-0: Grounds into double play, 6-4-3 (Groundball, 6, EV 87.5 MPH)
|
| Top of the 9th over - 2 runs, 2 hits, 0 errors, 1 left on base; Toronto (WIN) 4 - Minnesota (WIN) 4 |
| BOTTOM OF THE 9TH |
|
Minnesota (WIN) Twins batting - Pitching for Toronto (WIN) Blue Jays : LHP Vinny Zavala
|
|
Pitching: RHP Sergio Valdivia
|
|
|
Batting: RHB Manuel Juarez
|
0-0: Called Strike 0-1: Ground out 1-3 (Groundball, 15, EV 68.8 MPH)
|
|
Batting: LHB Chaim Huting
|
0-0: Swinging Strike 0-1: Swinging Strike 0-2: Strikes out looking
|
|
Batting: LHB Ricardo Batista
|
0-0: Ball 1-0: Foul Ball, location: 2F 1-1: Ball 2-1: Ball 3-1: Called Strike 3-2: Base on Balls
|
|
Batting: LHB Israel Montoya
|
0-0: Ball 1-0: Fly out, F8 (Flyball, 8LD, EV 102.5 MPH)
|
| Bottom of the 9th over - 0 runs, 0 hits, 0 errors, 1 left on base; Toronto (WIN) 4 - Minnesota (WIN) 4 |
| TOP OF THE 10TH |
|
Toronto (WIN) Blue Jays batting - Pitching for Minnesota (WIN) Twins : LHP Adam Wood
|
|
Batting: RHB Scott Travis
|
0-0: Foul Ball, location: 2F 0-1: Foul Ball, location: 2F 0-2: Foul Ball, location: 2F 0-2: Foul Ball, location: 2F 0-2: Strikes out swinging
|
|
Batting: RHB Butch Koglin
|
0-0: Ball 1-0: Ball 2-0: Swinging Strike 2-1: Called Strike 2-2: Ball 3-2: Strikes out swinging
|
|
Batting: RHB Chris Martin
|
0-0: Fly out, F7 (Line Drive, 7, EV 91.2 MPH)
|
| Top of the 10th over - 0 runs, 0 hits, 0 errors, 0 left on base; Toronto (WIN) 4 - Minnesota (WIN) 4 |
| BOTTOM OF THE 10TH |
|
Minnesota (WIN) Twins batting - Pitching for Toronto (WIN) Blue Jays : RHP Sergio Valdivia
|
|
Batting: SHB Dan Morataya
|
0-0: Called Strike 0-1: Ball 1-1: SOLO HOME RUN (Flyball, 9D, EV 98.8 MPH), Distance : 372 ft
|
| Bottom of the 10th over - 1 run, 1 hit, 0 errors, 0 left on base; Toronto (WIN) 4 - Minnesota (WIN) 5 |
|